 Dungeon Crawl Stone Soup version 0.17-a0-848-g7e5c6af (webtiles) character file.

1944 Zwobot the Vexing (level 9, -1/68 HPs)
             Began as a Formicid Arcane Marksman on Apr 27, 2015.
             Was an Elder of Ru.
             Slain by a hell rat (2 damage)
             ... on level 7 of the Dungeon.
             The game lasted 00:39:53 (8862 turns).

Zwobot the Vexing (Formicid Arcane Marksman)        Turns: 8862, Time: 00:39:53

Health: -1/68      AC:  4    Str: 15    XL:     9   Next: 41%
Magic:  3/10       EV: 12    Int: 15    God:    Ru [****..]
Gold:   297        SH:  0    Dex: 12    Spells: 4 memorised, 0 levels left

rFire  . . .     SeeInvis +     s - +2 dagger (flame)
rCold  . . .     Clarity  .     f - +0 leather armour
rNeg   . . .     SustAb   .     (shield unavailable)
rPois  .         Gourm    .     (helmet unavailable)
rElec  .         Spirit   .     (no cloak)
rCorr  .         Warding  .     (no gloves)
rMut   .         Stasis   +     x - +0 pair of boots
MR     .....                    (no amulet)
Stlth  ++........               (no ring)
                                (ring unavailable)

@: exhausted, no potions, drained, not resistant to hostile enchantments,
unstealthy
A: permanent stasis, dig shafts and tunnels, four strong arms, antennae 3,
inability to drink while threatened, missing a hand
a: Dig, Shaft Self, Draw Out Power, Power Leap, Renounce Religion


You were on level 7 of the Dungeon.
You worshipped Ru.
Ru was greatly pleased with you.
You were full.

You visited 2 branches of the dungeon, and saw 8 of its levels.

You collected 297 gold pieces.

Inventory:

Hand weapons
 a - a +0 rapier
 b - a +1 hand crossbow
 h - a +0 short sword
 j - a +0 dagger
 r - a +0 whip
 s - a +2 dagger of flaming (weapon)
 v - a +0 mace
 z - a +0 flail
 J - a +0 blowgun
 M - a +1 dagger of draining
 N - a +0 quarterstaff
 Q - a +0 long sword
Missiles
 c - 21 bolts
 q - 8 javelins (quivered)
 I - 7 poisoned needles
Armour
 f - a +0 leather armour (worn)
 k - a +0 scale mail
 o - a +0 robe
 x - a +0 pair of boots (worn)
 y - a +0 ring mail
Magical staves
 O - an uncursed staff of fire {unknown}
Magical devices
 m - a wand of random effects (27)
 p - a wand of fireball (5)
Scrolls
 g - 2 scrolls of amnesia
 l - 4 scrolls of remove curse
 w - a scroll of identify
 A - 2 scrolls of magic mapping
 B - a scroll of recharging
 D - a scroll of noise {unknown}
 F - a scroll of enchant armour {unknown}
Potions
 n - 2 potions of curing
 t - a potion of heal wounds
 C - a potion of cancellation {unknown}
 E - 3 potions of restore abilities
 H - a potion of flight {unknown}
 P - 2 potions of might
Books
 e - a book of Debilitation

   Spells                             Type                      Level
   a - Corona                         Hexes                        1
   b - Slow                           Hexes                        2
   c - Gell's Gravitas                Hexes/Translocation          3
   d - Inner Flame                    Hexes/Fire                   3
   e - Cause Fear                     Hexes                        4
   f - Leda's Liquefaction            Hexes/Earth                  4
 L - a book of Hinderance

   Spells                             Type                      Level
   a - Confusing Touch                Hexes                        2
   b - Confuse                        Hexes                        3
   c - Gell's Gravitas                Hexes/Translocation          3
   d - Petrify                        Transmutation/Earth          4
   e - Metabolic Englaciation         Hexes/Ice                    5
   f - Summon Mana Viper              Hexes/Summoning              5
Comestibles
 d - 2 bread rations
 i - 4 meat rations
 u - 8 chunks of flesh
 G - 2 fruits
 K - a beef jerky


   Skills:
 - Level 5.1(4.0) Fighting
 * Level 4.5(3.4) Short Blades
 - Level 0.2(0.0) Maces & Flails
 - Level 2.6(1.6) Crossbows
 - Level 5.8(4.7) Armour
 + Level 3.5(2.4) Dodging
 + Level 4.2(3.2) Stealth
 - Level 1.1(0.1) Spellcasting
 + Level 7.8(6.6) Hexes


You couldn't memorise any spells.
You knew the following spells:

 Your Spells              Type           Power        Failure   Level  Hunger
a - Corona                Hex            ###....      1%          1    ##.....
b - Slow                  Hex            ###.....     3%          2    ###....
c - Confuse               Hex            ###.....     8%          3    ####...
d - Cause Fear            Hex            ###.......   21%         4    #####..


Dungeon Overview and Level Annotations

Branches:
Dungeon (7/15)             Temple (1/1) D:4

Altars:
Ashenzari
Cheibriados
Dithmenos
Fedhas
Gozag
Nemelex Xobeh
Qazlal
Ru
Trog
Vehumet
Zin
The Shining One

Shops:
D:4 }   D:5 }

Annotations:
D:6 sose's ghost, experienced MiBe
D:7 Dowan; Duvessa


Innate Abilities, Weirdness & Mutations

You are under a permanent stasis effect.
You can dig through walls and to a lower floor.
Your four strong arms can wield two-handed weapons with a shield.
You have a pair of large antennae on your head (SInv).
You cannot drink potions while threatened.
You are missing a hand.


Message History

Read which item? (? for menu, Esc to quit)
Okay, then.
Casting: Cause Fear
Confirm with . or Enter, or press ? or * to list all spells.
Okay, then.
Evoke which item? (* to show all) (? for menu, Esc to quit)
Zapping:
m - a wand of random effects {zapped: 18} (will waste charges)
Press: ? - help, Shift-Dir - straight line, f - you, p - river rat Really target yourself?
Your stasis keeps you stable.
Evoking this partially-identified wand wasted a few charges.
You redirect the hell rat's attack!
The hell rat misses itself.
The hell rat is stunned by your will and fails to attack.
A rat comes into view.
You hit the hell rat but do no damage.
The hell rat roars!
The hell rat is heavily wounded.
The hell rat closely misses you. The hell rat bites you.
You die...

. .# ##.### ###
#r#... #### #.#
#...###..######.##
#r†.{{{##..#.##..#
#..##†#######.#....##
#.#rr## #####...# {
{.####@# #...# .r##
##r# #...##### ...
{## #........ .
#........ #........
######### # # #


You could see 2 hell rats, a river rat and 2 rats.

Vanquished Creatures
  Grinder (D:4)
  An orc warrior (D:6)
  An ogre (D:4)
  An ice beast (D:6)
  2 sky beasts (D:6)
  4 scorpions
  4 wights (D:6)
  A crimson imp (D:6)
  2 orc priests
  3 orc wizards
  2 gnoll shamans
  A hound (D:5)
  3 iguanas
  2 giant frog skeletons
  Jessica (D:2)
  A worker ant (D:4)
  A river rat (D:7)
  13 gnolls
  10 adders
  A shadow imp (D:5)
  3 oozes
  An adder zombie (D:5)
  4 worms
  6 giant geckos
  22 orcs
  2 ball pythons (D:3)
  13 bats
  A bat zombie (D:5)
  4 giant cockroaches
  13 hobgoblins
  18 jackals
  17 kobolds
  3 quokkas
  A giant cockroach zombie (D:6)
  10 giant newts
  14 goblins
  A quokka skeleton (D:5)
  12 rats
200 creatures vanquished.

Vanquished Creatures (others)
  A big kobold (D:7)
  A bat skeleton (D:5)
2 creatures vanquished.

Grand Total: 202 creatures vanquished

Notes
Turn   | Place    | Note
--------------------------------------------------------------
     0 | D:1      | Zwobot, the Formicid Arcane Marksman, began the quest for the Orb.
     0 | D:1      | Reached XP level 1. HP: 15/15 MP: 2/2
   156 | D:1      | Reached XP level 2. HP: 20/22 MP: 3/3
   687 | D:1      | Reached XP level 3. HP: 27/27 MP: 4/4
  1329 | D:2      | Noticed Jessica
  1332 | D:2      | Killed Jessica
  1332 | D:2      | Reached XP level 4. HP: 34/34 MP: 5/5
  1517 | D:2      | Reached skill level 1 in Armour
  2154 | D:2      | Reached XP level 5. HP: 22/41 MP: 6/6
  2444 | D:2      | Learned a level 2 spell: Slow
  3081 | D:3      | Found a radiant altar of Vehumet.
  3107 | D:3      | Reached skill level 4 in Fighting
  3714 | D:4      | Reached XP level 6. HP: 45/48 MP: 7/7
  3743 | D:4      | Noticed Grinder
  4117 | D:4      | Killed Grinder
  4117 | D:4      | Reached skill level 5 in Armour
  4117 | D:4      | Reached XP level 7. HP: 23/54 MP: 8/8
  4356 | D:4      | Found a staircase to the Ecumenical Temple.
  4364 | Temple   | Entered the Ecumenical Temple
  4375 | Temple   | Became a worshipper of Ru the Awakened
  4815 | D:4      | Reached skill level 1 in Stealth
  4860 | D:4      | Found Sukoquni's Gadget Emporium.
  4873 | D:4      | Found a sparkling altar of Nemelex Xobeh.
  5040 | D:4      | Noticed an ogre
  5049 | D:4      | Killed an ogre
  5338 | D:5      | Entered Level 5 of the Dungeon
  5357 | D:5      | Reached XP level 8. HP: 34/60 MP: 6/9
  5582 | D:5      | Gained mutation: You are missing a hand. [Ru sacrifice]
  5582 | D:5      | Acquired Ru's first power
  5582 | D:5      | Acquired Ru's second power
  5582 | D:5      | Acquired Ru's third power
  5626 | D:5      | Found a glowing silver altar of Zin.
  5859 | D:5      | Found a glowing silver altar of Zin.
  5874 | D:5      | Found a blossoming altar of Fedhas.
  5876 | D:5      | Found a glowing golden altar of the Shining One.
  6015 | D:5      | Reached skill level 5 in Hexes
  6247 | D:5      | Found Wudam's Gadget Shop.
  6796 | D:5      | Learned a level 3 spell: Confuse
  7044 | D:6      | Reached skill level 5 in Fighting
  7044 | D:6      | Reached skill level 6 in Hexes
  7129 | D:6      | Reached skill level 1 in Short Blades
  7756 | D:6      | Reached skill level 7 in Hexes
  7781 | D:6      | Reached XP level 9. HP: 68/68 MP: 6/10
  7787 | D:6      | Learned a level 4 spell: Cause Fear
  7957 | D:6      | Noticed sose's ghost (experienced MiBe)
  8176 | D:7      | Noticed Duvessa
  8176 | D:7      | Noticed Dowan
  8755 | D:7      | Gained mutation: You cannot drink potions while threatened. [Ru sacrifice]
  8755 | D:7      | Acquired Ru's fourth power
  8775 | D:7      | Found a shadowy altar of Dithmenos.
  8860 | D:7      | HP: 3/68 [hell rat (12)]
  8860 | D:7      | HP: 1/68 [hell rat (2)]
  8862 | D:7      | Slain by a hell rat

Action                   |  1- 3 |  4- 6 |  7- 9 || total
-------------------------+-------+-------+-------++-------
Melee: Dagger            |    17 |    49 |   306 ||   372
       Short sword       |    26 |    45 |       ||    71
       Mace              |       |   148 |     1 ||   149
       Rapier            |       |       |   172 ||   172
       Quarterstaff      |       |       |    83 ||    83
 Fire: Hand crossbow     |    49 |    23 |    22 ||    94
Throw: Javelin           |       |       |     1 ||     1
 Cast: Corona            |       |       |    35 ||    35
       Confuse           |       |       |    17 ||    17
       Cause Fear        |       |       |     2 ||     2
Invok: Sacrifice a Hand  |       |       |     1 ||     1
       Power Leap        |       |       |     1 ||     1
       Sacrifice Drink   |       |       |     1 ||     1
Evoke: Wand              |       |     4 |     4 ||     8
  Use: Scroll            |     1 |    14 |     3 ||    18
       Potion            |       |     2 |     2 ||     4
 Stab: Sleeping          |       |       |     4 ||     4
       Confused          |       |       |     5 ||     5
       Invisible         |       |       |     3 ||     3
  Eat: Chunk             |     1 |     8 |    12 ||    21
       Bread ration      |       |       |     3 ||     3
       Pizza             |       |       |     1 ||     1
